Map: Acid Plant LE

Players

Lambo

  • Race: Zerg Zerg
  • Spawn Location: 5:00

Neeb - Winner!

  • Race: Protoss Protoss
  • Spawn Location: 11:00

Event: WESG 2017 Haikou

VOD

Have the link to the VOD?

Description

Time

  • Played on: March 14, 2018, 3:40 a.m.
  • Length: 12:19

All games in this series

Show
View Real Time Build Order
Export as new Build Order

Lambo Zerg 

Build Orders: Hatch First, Lurkers, Roach Hydra 

Get SALT Encoding   

  12  0:00  Drone  
  13  0:13  Overlord  
  13  0:17  Drone  
  14  0:31  Drone x2  
  16  0:48  Hatchery  
  15  0:51  Drone  
  15  0:55  Drone  
  17  0:58  Drone  
  18  1:10  Extractor  
  17  1:13  Spawning Pool  
  17  1:16  Drone  
  17  1:20  Drone  
  18  1:29  Drone  
  19  1:41  Drone  
  20  1:50  Overlord  
  20  2:00  Queen x2  
  24  2:03  Drone, Zergling x2  
  26  2:09  Metabolic Boost  
  26  2:11  Drone  
  26  2:13  Drone  
  28  2:26  Drone  
  29  2:34  Drone  
  29  2:35  Hatchery  
  29  2:41  Drone  
  29  2:42  Overlord  
  30  2:44  Zergling x2  
  32  2:51  Zergling x2  
  32  2:53  Zergling x2  
  33  3:04  Queen  
  35  3:06  Drone  
  35  3:07  Drone x2  
  35  3:10  Drone x3  
  35  3:12  Drone  
  42  3:14  Overlord  
  42  3:18  Drone  
  43  3:23  Drone  
  44  3:28  Spore Crawler  
  44  3:29  Drone  
  44  3:32  Spore Crawler  
  43  3:36  Drone x2  
  43  3:40  Drone  
  46  3:42  Queen  
  46  3:45  Drone x2  
  46  3:48  Overlord  
  50  3:55  Drone x3  
  52  4:00  Drone x2  
  54  4:05  Overlord  
  54  4:09  Lair  
  54  4:13  Spore Crawler  
  54  4:16  Drone x3  
  56  4:21  Roach Warren  
  56  4:24  Drone x2  
  57  4:26  Drone  
  57  4:29  Drone  
  57  4:31  Drone  
  60  4:33  Drone  
  58  4:40  Drone x2  
  60  4:52  Extractor  
  59  4:53  Extractor, Overlord  
  59  4:56  Overlord  
  59  4:57  Overlord  
  58  5:05  Evolution Chamber  
  57  5:08  Zergling x2  
  57  5:09  Overlord  
  57  5:12  Roach x4  
  65  5:17  Roach x2  
  65  5:18  Zergling x6  
  72  5:22  Zergling x10  
  72  5:25  Zergling x6  
  72  5:28  Zergling x2  
  77  5:32  Roach x2  
  78  5:35  Roach  
  78  5:38  Roach  
  74  5:47  Drone  
  74  5:49  Drone  
  74  5:53  Drone x3  
  74  5:57  Queen  
  74  5:58  Drone  
  74  6:02  Drone x5  
  79  6:08  Overlord  
  79  6:10  Drone, Glial Reconstitution  
  80  6:12  Drone  
  80  6:13  Zerg Missile Weapons Level 1  
  81  6:20  Drone  
  81  6:22  Drone  
  82  6:27  Overlord  
  82  6:28  Queen  
  82  6:29  Overlord  
  82  6:30  Drone x3  
  82  6:31  Extractor  
  83  6:33  Drone  
  82  6:40  Drone x2  
  82  6:42  Extractor  
  82  6:43  Drone  
  82  6:47  Hydralisk Den  
  82  6:50  Drone  
  82  6:52  Drone  
  83  6:54  Drone  
  83  6:58  Extractor  
  83  7:00  Hatchery  
  83  7:01  Drone x2  
  84  7:06  Drone x4  
  88  7:12  Drone x3  
  91  7:17  Pneumatized Carapace  
  91  7:18  Grooved Spines  
  91  7:26  Drone  
  91  7:27  Hydralisk x2, Drone  
  91  7:29  Overlord x2  
  97  7:32  Extractor  
  97  7:35  Hydralisk  
  98  7:40  Overlord x2  
  98  7:44  Overlord  
  98  7:55  Overlord  
  98  7:57  Drone x3  
  98  7:58  Hydralisk x3, Roach x3  
  100  8:01  Ravager  
  100  8:02  Ravager x3  
  100  8:03  Roach x2, Zergling x2  
  118  8:13  Roach x2, Zergling x12  
  118  8:14  Hydralisk  
  113  8:21  Roach  
  113  8:26  Hydralisk x2  
  110  8:29  Muscular Augments  
  110  8:31  Hydralisk  
  108  8:36  Hydralisk x4  
  116  8:43  Hatchery  
  116  8:46  Hydralisk x3  
  116  8:47  Hydralisk  
  123  8:57  Roach x2  
  123  8:58  Roach  
  129  9:04  Roach  
  129  9:08  Roach x2  
  134  9:18  Roach x2  
  134  9:20  Overlord  
  134  9:23  Overlord  
  134  9:24  Overlord x2  
  138  9:25  Zerg Missile Weapons Level 2, Lurker Den  
  138  9:27  Overlord  
  138  9:30  Overlord  
  137  9:32  Overlord  
  137  9:37  Overlord  
  137  9:38  Queen  
  137  9:39  Overlord  
  137  9:42  Roach x2  
  137  9:44  Roach  
  143  9:47  Overlord  
  143  9:48  Roach  
  144  9:57  Roach x5  
  146  10:07  Hydralisk x4  
  138  10:16  Hydralisk  
  138  10:17  Hydralisk x3  
  139  10:21  Hydralisk x2  
  139  10:27  Hydralisk x2  
  146  10:36  Hydralisk x3  
  146  10:37  Roach x2  
  146  10:38  Extractor  
  146  10:46  Roach  
  146  10:47  Roach x4  
  148  10:54  Roach x3  
  148  10:55  Lurker x2  
  148  10:56  Overseer  
  156  11:02  Lurker x2  
  156  11:03  Roach x2  
  162  11:07  Roach x2  
  162  11:10  Lurker  
  167  11:13  Roach x2  
  171  11:20  Roach x4  
  176  11:26  Roach x3  
  176  11:29  Roach x2  
  184  11:34  Roach x3  
  184  11:37  Roach  
  184  11:43  Roach x3  
  166  11:49  Roach x3  
  166  11:50  Hydralisk  
Show
View Real Time Build Order
Export as new Build Order

Neeb Protoss - Winner!

Build Orders: 1 Gate Expand, Oracle Opening, Phoenix Opening, Archon Immortal 

Get SALT Encoding   

  12  0:00  Probe  
  13  0:12  Probe  
  14  0:17  Pylon  
  14  0:25  Probe (Chrono Boost)  
  15  0:34  Assimilator  
  15  0:37  Probe (Chrono Boost)  
  16  0:44  Gateway  
  16  0:46  Probe (Chrono Boost)  
  17  0:53  Probe  
  18  1:06  Probe  
  19  1:18  Probe  
  20  1:23  Nexus  
  20  1:33  Cybernetics Core  
  20  1:36  Probe  
  21  1:41  Assimilator  
  21  1:48  Probe  
  21  1:51  Pylon  
  22  2:00  Probe  
  23  2:08  Adept (Chrono Boost)  
  23  2:12  Probe  
  23  2:14  Stargate  
  26  2:22  Warp Gate  
  26  2:24  Probe  
  26  2:26  Adept (Chrono Boost)  
  29  2:36  Probe x2  
  31  2:45  Adept (Chrono Boost)  
  31  2:48  Probe  
  31  2:49  Probe  
  35  2:56  Oracle (Chrono Boost)  
  35  3:00  Probe  
  35  3:01  Probe  
  40  3:09  Gateway  
  40  3:14  Gateway  
  40  3:16  Probe  
  42  3:23  Pylon  
  42  3:25  Phoenix (Chrono Boost)  
  43  3:30  Probe  
  43  3:31  Probe  
  45  3:40  Pylon  
  45  3:42  Probe  
  45  3:44  Oracle (Chrono Boost), Probe  
  50  3:54  Probe  
  51  3:56  Probe  
  52  4:06  Probe  
  52  4:08  Probe  
  54  4:11  Pylon  
  54  4:18  Probe  
  54  4:20  Probe  
  54  4:21  Oracle  
  54  4:23  Pylon  
  59  4:26  Adept  
  59  4:27  Assimilator  
  59  4:30  Probe  
  59  4:31  Assimilator  
  62  4:32  Adept x2, Probe  
  67  4:42  Probe  
  67  4:44  Probe  
  67  4:48  Adept  
  69  4:54  Probe  
  69  4:55  Adept x2  
  69  4:56  Probe  
  75  5:01  Nexus  
  75  5:03  Pylon  
  75  5:06  Probe  
  76  5:08  Probe  
  77  5:15  Robotics Facility  
  77  5:16  Forge  
  77  5:18  Probe  
  77  5:21  Probe  
  79  5:35  Probe  
  80  5:38  Probe  
  81  5:49  Probe  
  76  5:50  Probe  
  76  5:54  Sentry x3  
  73  6:01  Immortal (Chrono Boost), Probe  
  73  6:03  Probe  
  76  6:05  Void Ray  
  83  6:13  Probe, Shield Battery  
  83  6:14  Probe  
  83  6:15  Probe, Shield Battery  
  83  6:17  Adept  
  88  6:19  Adept x2  
  93  6:25  Probe  
  93  6:27  Probe x2  
  93  6:29  Pylon  
  95  6:34  Immortal (Chrono Boost)  
  95  6:37  Probe  
  95  6:38  Stalker  
  101  6:44  Pylon x2  
  101  6:47  Probe x2  
  101  6:49  Protoss Ground Weapons Level 1 (Chrono Boost), Probe  
  104  6:54  Twilight Council  
  104  6:56  Assimilator x2  
  104  6:57  Adept  
  104  6:59  Pylon  
  106  7:04  Pylon  
  106  7:05  Sentry  
  106  7:06  Sentry  
  106  7:07  Immortal (Chrono Boost), Pylon  
  114  7:17  Pylon, Gateway  
  114  7:19  Gateway  
  114  7:20  Pylon  
  114  7:21  Gateway  
  114  7:28  Gateway  
  114  7:31  Zealot x2, Gateway  
  114  7:33  Charge  
  114  7:35  Templar Archives, Observer (Chrono Boost)  
  119  7:41  Photon Cannon  
  119  7:43  Probe x2  
  121  7:47  Probe  
  122  7:54  Immortal (Chrono Boost)  
  122  7:55  Probe  
  122  7:56  Probe  
  128  7:59  Probe  
  129  8:12  Probe  
  130  8:16  Nexus  
  124  8:26  Immortal  
  108  8:34  Protoss Ground Weapons Level 2 (Chrono Boost)  
  108  8:37  Sentry  
  108  8:38  Sentry, High Templar x3  
  108  8:39  High Templar  
  120  8:42  Archon  
  120  8:53  Archon  
  120  8:55  Gateway  
  120  8:56  Gateway  
  120  8:58  Gateway  
  120  8:59  Pylon, Gateway  
  120  9:01  Zealot x4  
  128  9:05  Immortal  
  132  9:15  Assimilator x2  
  132  9:16  Zealot x2, High Templar x2  
  140  9:20  Archon  
  140  9:25  Photon Cannon  
  140  9:28  Shield Battery  
  140  9:32  Zealot x4  
  148  9:44  Stalker x2  
  148  9:45  Immortal (Chrono Boost)  
  156  9:50  Zealot x2  
  156  9:54  Zealot x4  
  156  9:55  Stalker x2  
  156  9:59  Probe  
  157  10:00  Probe  
  157  10:02  Zealot  
  157  10:03  Probe, Pylon  
  157  10:04  Probe  
  154  10:09  Zealot x2  
  154  10:11  Probe  
  155  10:14  Probe  
  155  10:16  Probe x2  
  155  10:20  Pylon  
  155  10:21  Immortal (Chrono Boost)  
  160  10:29  Sentry x4  
  167  10:35  Zealot x4  
  167  10:36  Zealot, Pylon  
  167  10:40  Probe x2  
  174  10:49  Fleet Beacon  
  174  10:51  High Templar  
  174  10:52  Sentry, High Templar  
  174  10:53  Immortal  
  174  10:54  Zealot x2, Pylon  
  174  10:56  Archon  
  188  10:57  Pylon  
  188  11:09  Zealot, High Templar x2  
  188  11:10  Zealot  
  196  11:16  Nexus, Archon  
  190  11:23  Zealot x5  
  195  11:38  Zealot x4  
  189  11:52  Nexus  
Tags
 
Add a new tag
Caveats
  • Supply blocks, unpowered buildings, or Contaminate may cause inaccurate times.
  • Supply counts are checked every 10 seconds.